 Dungeon Crawl Stone Soup version 0.28.0-1-gb440e238dd (webtiles) character file.

Game seed: 16817512996522887316

6 MacCMillion the Digger (level 1, -1/10 HPs)
             Began as a Gargoyle Earth Elementalist on Feb 26, 2022.
             Slain by a gnoll (6 damage)
             ... on level 1 of the Dungeon.
             The game lasted 00:01:00 (461 turns).

MacCMillion the Digger (Gargoyle Earth Elementalist) Turns: 461, Time: 00:01:01

Health: -1/10      AC:  7    Str: 11    XL:     1   Next: 90%
Magic:  2/3        EV: 10    Int: 15    God:
Gold:   12         SH:  0    Dex: 10    Spells: 3/4 levels left

rFire   . . .      SeeInvis .   f - +2 dagger (holy)
rCold   . . .      Faith    .   (no shield)
rNeg    + . .      Spirit   .   g - +0 ring mail
rPois   ∞          Reflect  .   (no helmet)
rElec   +          Harm     .   (no cloak)
rCorr   .          Rampage  .   (no gloves)
Will    .....                   (no boots)
Stlth   +.........              (no amulet)
HPRegen 0.03/turn               (no ring)
MPRegen 0.08/turn               (no ring)

@: very slightly contaminated
A: sickness immunity, AC +2, negative energy resistance 1, electricity
resistance, torment resistance 1, petrification resistance
a: no special abilities


You were on level 1 of the Dungeon.
You visited 1 branch of the dungeon, and saw 1 of its levels.

You collected 12 gold pieces.

Inventory:

Hand Weapons
 a - a +0 dagger
 f - a +2 dagger of holy wrath (weapon)
Missiles
 c - 40 stones
Armour
 b - a +0 robe
 g - a +0 ring mail (worn)
Scrolls
 h - a scroll of noise {unknown}
Potions
 d - a potion of berserk rage {unknown}
 e - a potion of haste {unknown}


   Skills:
 - Level 1.5 Dodging
 - Level 2.1 Stealth
 + Level 2.2 Spellcasting
 - Level 1.0 Transmutations
 + Level 3.8 Earth Magic


You had 3 spell levels left.
You knew the following spells:

 Your Spells              Type           Power      Damage    Failure   Level
a - Sandblast             Erth           26%        2d8       11%         1

Your spell library contained the following spells:

 Spells                   Type           Power      Damage    Failure   Level
 Passwall                 Tmut/Erth      6%         N/A       30%         2
 Stone Arrow              Conj/Erth      14%        3d7       58%         3
 Corpse Rot               Necr/Air       2%         N/A       63%         2
 Petrify                  Tmut/Erth      8%         N/A       89%         4
 Dispel Undead            Necr           1%         3d6       99%         4
 Death Channel            Necr           0%         N/A       100%        6


Dungeon Overview and Level Annotations

Branches:
Dungeon (1/15)

Altars:


Innate Abilities, Weirdness & Mutations

You are immune to sickness and miasma.
Your stone body is resilient. (AC +2)
You are immune to poison.
You resist negative energy. (rN+)
You are resistant to electric shocks. (rElec)
You are resistant to unholy torment.
You are immune to petrification.


Message History

Okay, then.
You start removing your armour.
You continue taking off your +0 robe. x4
You finish taking off your +0 robe.
You start putting on your armour.
You continue putting on your +0 ring mail. x5
You finish putting on your +0 ring mail.
The ball python hisses angrily.
A ball python is nearby!
You can't see any susceptible monsters within range! (Use Z to cast anyway.)
The ball python bites you but does no damage.
The ball python barely misses you.
You hit the ball python.
You kill the ball python!
No target in view!
No target in view!
Found a stone staircase leading down.
Found a ring mail.
h - a scroll labelled ULUFIR ZIMONE
c - 40 stones (gained 12)
You see here a +0 ring mail.
You now have 12 gold pieces (gained 7).
A gnoll comes into view. It is wielding a +0 whip.
A gnoll is nearby!
A gnoll is nearby!
The gnoll shouts!
You barely miss the gnoll. You barely miss the gnoll.
The gnoll barely misses you.
You closely miss the gnoll. The gnoll hits you with a +0 whip.
Ouch! That really hurt!
You are too injured to fight recklessly!
You are too injured to fight recklessly!
Aiming: Sandblast (safe; 11% risk of failure)
Press: ? - help, Q - select action, (/) - cycle Shift-Dir - straight line, f - gnoll
Aim: a gnoll, wielding a +0 whip (82% to hit)
You miscast Sandblast.
You are very lightly contaminated with residual magic.
Nothing appears to happen.
The gnoll hits you with a +0 whip.
Ouch! That really hurt!
You die...

###
######.##############
#......#............#
##.####.#.##########.#
......#.#.#........#.#
##.#.##.#.#.######.#.#
##.#.##.#.#.# ..#.#.#
...#.##.#.#.# #g#.#.#
...#.##.#.#.####@#.#.#
...#.##.#.#......#.#.#
.....#..#.########.#.#
######.##..........#.#
.......#############.##
######................#
.....#.################
####.#.# .>...#.#


You could see a gnoll.

Vanquished Creatures
  A ball python (D:1)
  3 kobolds (D:1)
  A bat (D:1)
  A frilled lizard (D:1)
6 creatures vanquished.

Notes
Turn   | Place    | Note
-------+----------+-------------------------------------------
     0 | D:1      | MacCMillion the Gargoyle Earth Elementalist began the quest
                  | for the Orb.
     0 | D:1      | Reached XP level 1. HP: 10/10 MP: 3/3
    45 | D:1      | Found a faded altar of an unknown god.
   200 | D:1      | Reached skill level 1 in Transmutations
   461 | D:1      | Slain by a gnoll

Illustrated notes

Levels and vault maps discovered:
D:1:      minmay_arrival_diagonal_passages, layout_basic,
          ebering_ecumenical_altar_petrified

Skill      XL: |  1 |
---------------+----+-----
Transmutations | 1 |  1.0
Dodging        | |  1.5
Stealth        | |  2.1
Spellcasting   | |  2.2
Earth Magic    | |  3.8

Action                   || total
-------------------------++-------
Melee: Dagger            ||    15
 Cast: Sandblast         ||     3
Armor: Robe              ||     4
       Ring mail         ||     1
Dodge: Dodged            ||     6
